 Dungeon Crawl Stone Soup version 0.30-a0-722-g3e6e8c874d (webtiles) character file.

Game seed: 9989684834560944427

7961 Dittersdorf the Blocker (level 11, -14/72 HPs)
             Began as a Gargoyle Fighter on Jan 27, 2023.
             Was a Believer of Okawaru.
             Demolished by a spriggan defender simulacrum (30 damage)
             ... on level 1 of the Abyss.
             The game lasted 00:16:51 (8939 turns).

Dittersdorf the Blocker (Gargoyle Fighter)          Turns: 8939, Time: 00:16:52

Health: -14/72     AC: 22    Str: 25    XL:     11   Next: 23%
Magic:  11/11      EV: 17    Int:  8    God:    Okawaru [**....]
Gold:   213        SH: 11    Dex:  9    Spells: 10/10 levels left

rFire   . . .      SeeInvis .    a - +3 flail (venom)
rCold   . . .      Faith    .    c - +0 buckler
rNeg    + . .      Spirit   .    x - +0 plate armour
rPois   ∞          Reflect  +    w - +2 helmet
rElec   +          Harm     .    f - +1 cloak
rCorr   .          Rampage  .    u - +1 pair of gloves
Will    .....                    (no boots) Stlth
                                 F - amulet of reflection
HPRegen 0.32/turn                b - +5 ring of evasion
MPRegen 0.12/turn                k - +5 ring of evasion

@: corroded, studying Unarmed Combat
A: sickness immunity, AC +8, negative energy resistance 1, electricity
resistance, torment resistance 1, petrification resistance
a: Renounce Religion, Heroism


You were on level 1 of the Abyss.
You worshipped Okawaru.
Okawaru was pleased with you.
You visited 2 branches of the dungeon, and saw 10 of its levels.
You visited the Abyss 1 time.
You also visited: Ossuary.

You collected 378 gold pieces.
You spent 165 gold pieces at shops.

Inventory:

Hand Weapons
 a - a +3 flail of venom (weapon)
Missiles
 n - 7 poisoned darts (quivered)
 A - a throwing net
Armour
 c - a +0 buckler (worn)
 f - a +1 cloak (worn)
 u - a +1 pair of gloves (worn)
 w - a +2 helmet (worn)
 x - a +0 plate armour (worn)
Jewellery
 b - a +5 ring of evasion (left hand)
 k - a +5 ring of evasion (right hand)
 p - a ring of fire
 y - a ring of flight
 F - an amulet of reflection (around neck)
Scrolls
 e - 3 scrolls of enchant weapon
 g - 5 scrolls of teleportation
 l - 2 scrolls of enchant armour
 m - a scroll of blinking
 o - a scroll of poison
 s - a scroll of silence
 D - a scroll of fog
 E - 2 scrolls of brand weapon
Potions
 d - 2 potions of might
 h - 5 potions of curing
 i - 4 potions of flight
 j - 4 potions of heal wounds
 q - a potion of haste
 r - 2 potions of resistance
 t - 4 potions of mutation
 v - a potion of invisibility
 z - 2 potions of brilliance
 B - a potion of ambrosia
 C - a potion of cancellation


   Skills:
 + Level 10.0 Fighting
 + Level 8.9 Maces & Flails
 + Level 10.0 Armour
 + Level 10.0 Shields


You had 10 spell levels left.
You didn't know any spells.
Your spell library contained the following spells:

 Spells                   Type           Power      Damage    Failure   Level
 Ignite Poison            Fire/Tmut/Pois 0%         N/A       100%        3
 Kindle Blastsparks       Fire/Tloc/Air  0%         2d10      100%        3
 Freezing Cloud           Conj/Ice/Air   0%         6-21      100%        5


Dungeon Overview and Level Annotations

Branches:
Dungeon (9/15)             Temple (1/1) D:7            Lair (0/5) D:8
Ossuary (visited)
    Orc: D:9-12

Altars:
Ashenzari
Cheibriados
Dithmenos
Elyvilon
Fedhas
Gozag
Hepliaklqana
Kikubaaqudgha
Makhleb
Nemelex Xobeh
Okawaru
Qazlal
Ru
Sif Muna
Trog
Uskayaw
Vehumet
Wu Jian
Xom
Yredelemnul
Zin
The Shining One

Shops:
D:2 *   D:7 (   D:8 *!

Annotations:
D:4 3 runed translucent doors, Sabo's ghost, amateur OpCj
D:9 Psyche


Innate Abilities, Weirdness & Mutations

You are immune to sickness and miasma.
Your stone body is resilient. (AC +8)
You are immune to poison.
You resist negative energy. (rN+)
You are resistant to electric shocks. (rElec)
You are resistant to unholy torment.
You are immune to petrification.


Message History

You hit the rust devil but do no damage.
The rust devil looks even sicker.
The rust devil is moderately wounded.
The rust devil closely misses you.
You hit the rust devil.
The rust devil is moderately wounded.
The rust devil barely misses you.
You closely miss the rust devil.
The rust devil is moderately wounded.
You block the rust devil's attack.
You hit the rust devil.
The rust devil looks as sick as possible!
The rust devil is heavily wounded.
You block the rust devil's attack.
You sock the rust devil!
The rust devil is almost dead.
The rust devil closely misses you.
A spriggan defender simulacrum comes into view.
You hit the rust devil but do no damage.
The rust devil is almost dead.
You kill the rust devil!
Okawaru accepts your kill.
Your Fighting skill increases to level 10!
Your Armour skill increases to level 10!
You start resting.
A spriggan defender simulacrum is nearby!
You barely miss the spriggan defender simulacrum.
The spriggan defender simulacrum hits you.
The spriggan defender simulacrum freezes you!!!
Ouch! That really hurt!
* * * LOW HITPOINT WARNING * * *
The spriggan defender simulacrum closely misses you.
You barely miss the spriggan defender simulacrum.
The spriggan defender simulacrum closely misses you.
You hit the spriggan defender simulacrum.
The spriggan defender simulacrum is lightly damaged.
The spriggan defender simulacrum hits you.
* * * LOW HITPOINT WARNING * * *
The spriggan defender simulacrum freezes you!!
You die...

.. #.# # ..#
#.. . ##.#
#..# . #.#.
# #. .. .###
.. # ##
#####.#
#.....# .
#..#.#..# ..
.. ## ###
.#Z#..####.#
. ..#
#......#@#.
... #. . .
#...#Z####
#. # #.. ##
. . .## . ##
# #..#
####.# #
.... ###
.###. . . #


You could see a spriggan defender simulacrum.

Vanquished Creatures
  A two-headed ogre (D:9)
  Maurice (D:9)
  A rust devil (Abyss:1)
  An unseen horror zombie (D:7)
  A wraith (D:5)
  Sigmund (D:2)
  2 wyverns
  A human (D:5)
  2 steam dragons
  Grum (D:9)
  Edmund (D:4)
  4 water moccasins
  Duvessa (D:7)
  A sky beast (D:7)
  4 orc warriors
  4 ice beasts
  2 wolves (D:9)
  A phantom (D:5)
  2 centaurs
  An ogre (D:6)
  A kobold brigand (D:5)
  4 bullfrogs
  3 necrophages (D:7)
  7 scorpions
  18 wights
  Dowan (D:7)
  2 howler monkeys
  5 centaur zombies
  A human zombie (D:7)
  7 orc priests
  Crazy Yiuf (D:6)
  4 hounds
  A gnoll bouda (D:7)
  3 iguanas
  A human skeleton (D:5)
  5 orc wizards
  3 scorpion zombies (Ossuary)
  A killer bee zombie (D:7)
  8 mummies
  Robin (D:3)
  16 gnolls
  9 adders
  2 shadow imps
  3 white imps
  2 ufetubi
  4 dart slugs
  3 worms
  34 orcs
  4 endoplasms
  2 giant cockroaches (D:1)
  A gnoll zombie (Ossuary)
  8 hobgoblins
  11 jackals
  8 quokkas
  8 ball pythons
  8 bats
  A frilled lizard (D:2)
  16 goblins
  3 goblin zombies (Ossuary)
  5 hobgoblin zombies (Ossuary)
  5 kobolds
  3 kobold zombies (Ossuary)
  An orc zombie (Ossuary)
  3 rats
  A butterfly (D:7)
271 creatures vanquished.

Vanquished Creatures (others)
  85 plants (D:1)
85 creatures vanquished.

Grand Total: 356 creatures vanquished

Notes
Turn   | Place    | Note
-------+----------+-------------------------------------------
     0 | D:1      | Dittersdorf the Gargoyle Fighter began the quest for the
                  | Orb.
     0 | D:1      | Reached XP level 1. HP: 14/14 MP: 1/1
   214 | D:1      | Reached XP level 2. HP: 10/19 MP: 2/2
  1088 | D:2      | Reached XP level 3. HP: 23/23 MP: 3/3
  1498 | D:2      | Found Duvadiek's Assorted Antiques.
  1505 | D:2      | Noticed Sigmund
  1638 | D:2      | Killed Sigmund
  1639 | D:2      | Reached XP level 4. HP: 17/30 MP: 4/4
  1639 | D:2      | Reached XP level 5. HP: 19/34 MP: 5/5
  1914 | D:3      | Noticed Robin
  1970 | D:3      | Killed Robin
  1971 | D:3      | Reached XP level 6. HP: 38/39 MP: 6/6
  2597 | D:3      | Found a hide-covered altar of Uskayaw.
  2895 | D:4      | Found a blossoming altar of Fedhas.
  3023 | D:3      | Reached skill level 5 in Armour
  3023 | D:3      | Reached skill level 5 in Shields
  3151 | D:4      | Found a glowing silver altar of Zin.
  3223 | D:5      | Entered Level 5 of the Dungeon
  3254 | D:5      | Noticed a water moccasin
  3272 | D:4      | Killed a water moccasin
  3273 | D:4      | Reached skill level 5 in Fighting
  3273 | D:4      | Reached XP level 7. HP: 43/44 MP: 7/7
  3476 | D:5      | Found a burning altar of Makhleb.
  3644 | D:5      | Found a hazy altar of Hepliaklqana.
  3738 | D:5      | Found a runed translucent door.
  3738 | D:5      | Noticed a human
  3740 | D:5      | Found a basalt altar of Yredelemnul.
  3762 | D:5      | Reached XP level 8. HP: 51/51 MP: 8/8
  3865 | D:5      | Found a bloodstained altar of Trog.
  3930 | D:5      | Noticed a wraith
  3947 | D:5      | Killed a wraith
  3948 | D:5      | Reached skill level 5 in Maces & Flails
  4273 | D:6      | Noticed Edmund
  4373 | D:4      | Killed Edmund
  4459 | D:6      | Reached XP level 9. HP: 52/56 MP: 9/9
  4933 | D:6      | Found a runed translucent door.
  4945 | D:6      | Noticed Crazy Yiuf
  5101 | D:6      | Killed Crazy Yiuf
  5221 | D:7      | Found a sand-covered staircase.
  5257 | Ossuary  | Entered an ossuary
  5831 | D:7      | Reached XP level 10. HP: 49/64 MP: 10/10
  5949 | D:7      | Noticed Duvessa
  5949 | D:7      | Noticed Dowan
  5960 | D:7      | Killed Duvessa
  5962 | D:7      | Killed Dowan
  6477 | D:7      | Found an ancient bone altar of Kikubaaqudgha.
  6732 | D:7      | Found Hock's Weapon Emporium.
  7024 | D:7      | Found a staircase to the Ecumenical Temple.
  7040 | Temple   | Entered the Ecumenical Temple
  7091 | Temple   | Became a worshipper of Warmaster Okawaru
  7358 | D:4      | Found a runed translucent gate.
  7358 | D:4      | Found a runed translucent gate.
  7358 | D:4      | Found a runed translucent gate.
  7461 | D:4      | Noticed Sabo's ghost (amateur OpCj)
  7611 | D:8      | Found Fyishriwk's Distillery.
  7643 | D:8      | Bought a potion of heal wounds for 70 gold pieces
  7643 | D:8      | Bought a potion of heal wounds for 70 gold pieces
  7904 | D:8      | Found a staircase to the Lair.
  7932 | D:8      | Found Lodadugi's Assorted Antiques.
  7951 | D:8      | Bought a scroll labelled MAAPUO FAMMI for 25 gold pieces
  8494 | D:8      | Reached * piety under Okawaru
  8675 | D:9      | Noticed Maurice
  8729 | D:9      | Killed Maurice
  8730 | D:9      | Reached XP level 11. HP: 48/71 MP: 11/11
  8749 | D:9      | Noticed Grum
  8769 | D:9      | Killed Grum
  8867 | D:9      | Noticed a two-headed ogre
  8877 | D:9      | Noticed Psyche
  8883 | D:9      | Killed a two-headed ogre
  8883 | D:9      | Reached ** piety under Okawaru
  8884 | D:9      | Reached skill level 10 in Shields
  8890 | Abyss:1  | Cast into level 1 of the Abyss (Psyche)
  8934 | Abyss:1  | Reached skill level 10 in Fighting
  8934 | Abyss:1  | Reached skill level 10 in Armour
  8939 | Abyss:1  | Demolished by a spriggan defender simulacrum

Illustrated notes

Levels and vault maps discovered:
D:1:      roderic_crop_circles_arrival_small, layout_rooms,
          palyth_stone_intersect
D:2:      layout_rooms, serial_shops, nicolae_shop_behind_doors, uniq_sigmund
D:3:      layout_loops_corners, nicolae_uskayaw_suspiria, minmay_between,
          uniq_robin
D:4:      layout_basic, amcnicky_altar_gilded, mainiacjoe_overflow_alcove_2,
          gammafunk_ghost_icy
D:5:      layout_cave_pools, nzn_hepliaklqana_mist_gate, dk_yredelemnul_ordeal,
          mainiacjoe_overflow_swirl, minmay_manual_mullet
D:6:      layout_rooms, grunt_ministairs_1, uniq_edmund, uniq_crazy_yiuf_cottage
D:7:      layout_loops_cross, lemuel_mausoleum_altar_kikubaaqudgha,
          minmay_temple_entry_butterflies, serial_co_window_serial,
          co_window_paths_a, co_window_paths_a, co_window_paths_b,
          co_window_paths_a, co_window_paths_b, co_window_broadway_a,
          co_window_corner_cb, co_window_paths_c, co_window_broadway_c,
          co_window_broadway_a, co_window_unsneaky_path_b, co_window_paths_e,
          glass_columns_b, enter_ossuary_5, serial_shops, shop,
          minmay_misc_feat_alley, uniq_duvessa
D:8:      layout_basic, lair_entry_dummy, serial_shops, shop,
          nicolae_stop_n_shop_2, special_room [special_room_orc],
          grunt_decor_fettered
D:9:      layout_rooms, kennysheep_orc_monster_closet_entryway, enter_bailey_5,
          chequers_serial_rivers_large_a, chequers_mini_garden, uniq_grum,
          uniq_maurice, uniq_psyche
Temple:   nicolae_temple_ecumenical_triangle
Abyss:1:  base:
D:1

Skill      XL: |  1  2  3  4  5  6  7  8  9 10 11 |
---------------+----------------------------------+-----
Fighting       | 4 5 6 8 9 10 | 10.0
Maces & Flails | 3 4 5 7 8 |  8.9
Armour         | 4 5 6 8 9 10 | 10.0
Shields        | 4 5 6 8 9 10 | 10.0

Action                     |  1- 3 |  4- 6 |  7- 9 | 10-12 || total
---------------------------+-------+-------+-------+-------++-------
  Melee: Flail             |   414 |   243 |   384 |   430 ||  1471
  Throw: Dart              |     2 |     4 |    15 |     2 ||    23
    Use: Scroll            |       |     6 |    14 |     3 ||    23
         Potion            |       |       |     3 |       ||     3
 Armour: Scale mail        |    50 |       |       |       ||    50
         Chain mail        |    31 |   153 |   194 |       ||   378
         Plate armour      |       |       |    77 |   160 ||   237
  Dodge: Dodged            |    96 |   238 |   359 |   273 ||   966
  Block: Buckler           |    23 |    78 |   152 |   115 ||   368
         Reflection        |       |       |       |     1 ||     1

Table legend: (Time is in decaauts)
 A = Elapsed time spent in this place.
 B = Non-inter-level travel time spent in this place.
 C = Inter-level travel time spent in this place.
 D = Time resting spent in this place.
 E = Time spent auto-exploring this place.
 F = Levels seen in this place.
 G = Mean time per level.
                   A        B        C        D        E       F      G
               +--------+--------+--------+--------+--------+-----+--------+
         Total |   9236 |   8697 |    539 |    962 |   4528 |  12 |  769.7 |
       Dungeon |   8740 |   8230 |    510 |    911 |   4379 |   9 |  971.1 |
        Temple |     67 |     38 |     29 |      0 |     30 |   1 |   67.0 |
         Abyss |     49 |     49 |      0 |      2 |      0 |   1 |   49.0 |
       Ossuary |    379 |    379 |      0 |     49 |    119 |   1 |  379.0 |
               +--------+--------+--------+--------+--------+-----+--------+

Top non-repeatable levels by time:
     D:7: 1648 daAuts
     D:3: 1250 daAuts
     D:1: 1243 daAuts
     D:5: 1107 daAuts
     D:8: 1061 daAuts
     D:4: 826 daAuts
     D:6: 738 daAuts
     D:2: 652 daAuts
 Ossuary: 379 daAuts
     D:9: 211 daAuts
  Temple: 67 daAuts
 Abyss:1: 49 daAuts
